 Dungeon Crawl Stone Soup version 0.26.1-13-g052cdd8df3 (webtiles) character file.

Game seed: 15662259639251822763

848 sankara the Ruffian (level 7, -3/56 HPs)
             Began as a Minotaur Transmuter on Jan 19, 2022.
             Killed by divine providence
             ... invoked by an orc priest
              (11 damage)
             ... on level 5 of the Dungeon.
             The game lasted 00:12:54 (5342 turns).

sankara the Ruffian (Minotaur Transmuter)           Turns: 5342, Time: 00:12:55

Health: -3/56      AC:  3    Str: 15    XL:     7   Next: 69%
Magic:  2/8        EV: 13    Int: 10    God:
Gold:   219        SH:  0    Dex: 12    Spells: 3/9 levels left

rFire    . . .     SeeInvis .     - Unarmed
rCold    . . .     Faith    .   (no shield)
rNeg     . . .     Spirit   .   a - +0 robe
rPois    +         Reflect  .   h - +1 hat
rElec    .         Harm     .   (no cloak)
rCorr    .         Rampage  .   (no gloves)
Will     .....                  (no boots)
Stlth    +.........             (no amulet)
HPRegen  0.18/turn              m - ring of poison resistance
MPRegen  0.11/turn              (no ring)

@: wereblooded (expiring)
A: retaliatory headbutt, horns 2
a: no special abilities


You were on level 5 of the Dungeon.
You visited 1 branch of the dungeon, and saw 5 of its levels.

You collected 219 gold pieces.

Inventory:

Hand Weapons
 b - a +0 hunting sling
Missiles
 g - 15 poisoned darts (quivered)
 i - 205 stones
 n - 12 sling bullets
 r - 7 boomerangs
 t - 3 silver boomerangs
Armour
 a - a +0 robe (worn)
 h - a +1 hat (worn)
Jewellery
 m - a ring of poison resistance (left hand)
Wands
 q - a wand of flame (6)
Scrolls
 c - a scroll of fear
 j - a scroll of magic mapping
 o - 6 scrolls of identify {unknown}
 s - a scroll of fog {unknown}
Potions
 d - a potion of invisibility {unknown}
 f - 3 potions of curing {unknown}
 k - 2 potions of degeneration {unknown}
 l - 3 potions of berserk rage
 p - 3 potions of haste
 u - a potion of lignification {unknown}


   Skills:
 + Level 2.6 Fighting
 + Level 1.5 Throwing
 + Level 3.0 Dodging
 + Level 5.7 Unarmed Combat
 - Level 1.5 Spellcasting
 + Level 4.5 Transmutations
 - Level 3.0 Poison Magic


You had 3 spell levels left.
You knew the following spells:

 Your Spells              Type           Power        Failure   Level
a - Beastly Appendage     Tmut           18%          5%          1
b - Wereblood             Tmut           9%           8%          2
c - Spider Form           Tmut/Pois      4%           22%         3

Your spell library contained the following spells:

 Spells                   Type           Power        Failure   Level
 Ice Form                 Ice/Tmut       5%           78%         4
 Blade Hands              Tmut           4%           82%         5


Dungeon Overview and Level Annotations

Branches:
Dungeon (5/15)
 Temple: D:4-7

Altars:
Ru
Yredelemnul


Innate Abilities, Weirdness & Mutations

You reflexively headbutt those who attack you in melee.
You have a pair of horns on your head.


Message History

You barely miss the orc warrior.
The orc warrior is moderately wounded.
You hiss as the wereblood boils in your veins!
You hit the orc wizard but do no damage.
The orc wizard is poisoned.
Your transformation has ended.
Your +1 hat unmelds from your body.
Your +0 robe unmelds from your body.
The orc wizard hits you with a +1 dagger of protection.
The orc warrior hits you with a +0 glaive!!
* * * LOW HITPOINT WARNING * * *
The orc warrior closely misses you.
Your primal bloodlust is almost over.
You howl as the wereblood boils in your veins!
You hear a shout! x4
The orc wizard begins to cast a cantrip, but forgets the words! 3 orcs and an orc priest come into view.
The orc shouts!
The orc priest shouts!
The orc shouts!
You hear a shout!
The orc priest invokes the aid of Beogh against you.
Beogh smites you!
You die...

+,,,,,,,,,,..#*#......)......#..#
*,,,,,,,,,,,..##....##.......#h..
*,,,,,,,,,,,#......###.......#...
*,,,,,,,,,,,#................###h
*********####..*#.###..[.....# *.
*,,,,,......##.###.##.#.#.# *.
*,*******#......ooo##.#.#.# *, *
*,* #.#.########.#.#.# *, * *,*
#...@............# *, *
*,#**########.#######.#.### **
****,#.,.....(..o.######.#,******
**,*,#.########o..........,,,,,,,
**,#,#.........o)..#####.#.,,,,,,
**,#.#.............#****....,,,,,
,,.#...<.....o........,,..,.g,,,,
,,..........#######.##**..,...,,,
,,...........# *,,...,,,*,,*,**,


You could see an orc priest and 3 orcs.

Vanquished Creatures
  Sigmund (D:3)
  A centaur (D:5)
  A scorpion (D:4)
  A howler monkey (D:5)
  2 hounds
  A jelly (D:5)
  An orc priest (D:5)
  An orc wizard (D:4)
  Natasha (thrice) (D:3)
  Terence (D:3)
  A worker ant (D:4)
  A worker ant zombie (D:4)
  4 gnolls (D:3)
  9 adders
  A white imp (D:4)
  An ufetubus (D:5)
  3 oozes
  A worm (D:4)
  A dart slug (D:4)
  A leopard gecko (D:5)
  15 orcs
  6 bats
  5 giant cockroaches
  8 goblins
  11 hobgoblins
  5 jackals
  5 kobolds
  2 quokkas (D:4)
  2 ball pythons
  6 frilled lizards
  A goblin zombie (D:3)
  A leopard gecko skeleton (D:4)
  6 rats
109 creatures vanquished.

Notes
Turn   | Place    | Note
-------+----------+-------------------------------------------
     0 | D:1      | sankara the Minotaur Transmuter began the quest for the
                  | Orb.
     0 | D:1      | Reached XP level 1. HP: 16/16 MP: 1/1
   340 | D:1      | You fall into a shaft and drop 1 floor!
   406 | D:2      | Reached XP level 2. HP: 23/23 MP: 1/3
   409 | D:2      | Learned a level 2 spell: Wereblood
   502 | D:2      | Reached XP level 3. HP: 20/28 MP: 2/4
   638 | D:1      | Reached skill level 4 in Unarmed Combat
  2174 | D:2      | Reached XP level 4. HP: 35/35 MP: 3/5
  2178 | D:2      | Learned a level 3 spell: Spider Form
  2575 | D:3      | Noticed Natasha
  2587 | D:3      | Killed Natasha
  2817 | D:3      | Noticed Natasha
  2820 | D:3      | Reached skill level 1 in Poison Magic
  2825 | D:3      | Killed Natasha
  2826 | D:3      | Reached XP level 5. HP: 30/40 MP: 1/6
  3207 | D:3      | Noticed Natasha
  3217 | D:3      | Killed Natasha
  3229 | D:3      | Noticed Terence
  3233 | D:3      | Noticed Sigmund
  3254 | D:3      | Killed Terence
  3376 | D:3      | Killed Sigmund
  3377 | D:3      | Reached skill level 5 in Unarmed Combat
  3377 | D:3      | Reached XP level 6. HP: 24/47 MP: 4/7
  3612 | D:3      | Noticed a human
  3708 | D:3      | Found a runed translucent door.
  3712 | D:3      | Found a basalt altar of Yredelemnul.
  4260 | D:4      | Reached XP level 7. HP: 49/52 MP: 1/8
  5041 | D:5      | Entered Level 5 of the Dungeon
  5098 | D:5      | Reached skill level 1 in Throwing
  5306 | D:5      | Found a sacrificial altar of Ru.
  5342 | D:5      | Killed from afar by an orc priest

Illustrated notes

Levels and vault maps discovered:
D:1:      lightli_arrival_flooded_house, layout_basic
D:2:      layout_basic
D:3:      layout_basic, dk_yredelemnul_ordeal, uniq_sigmund, uniq_terence,
          uniq_natasha
D:4:      layout_basic
D:5:      layout_basic, lemuel_doored_altar, gup_sewer_entry_bowl

Skill      XL: |  1  2  3  4  5  6  7 |
---------------+----------------------+-----
Transmutations | 2 3 4 |  4.5
Unarmed Combat | 4 5 |  5.7
Poison Magic   | 1 2 3 |  3.0
Fighting       | 2 |  2.6
Throwing       | 1 |  1.5
Dodging        | 3 |  3.0
Spellcasting   | |  1.5

Action                   |  1- 3 |  4- 6 |  7- 9 || total
-------------------------+-------+-------+-------++-------
Melee: Unarmed           |    81 |   119 |    63 ||   263
       Headbutt          |     9 |     6 |       ||    15
       Kick              |    10 |     9 |       ||    19
       Punch             |     1 |       |       ||     1
Throw: Dart              |       |     9 |       ||     9
 Cast: Beastly Appendage |    26 |    12 |       ||    38
       Wereblood         |     1 |       |     2 ||     3
       Spider Form       |       |    15 |    10 ||    25
  Use: Scroll            |       |       |     3 ||     3
 Stab: Sleeping          |     1 |     1 |       ||     2
Armor: Robe              |    12 |     5 |     1 ||    18
       Skin              |       |     3 |     4 ||     7
Dodge: Dodged            |    66 |    76 |    69 ||   211
